 Dungeon Crawl Stone Soup version 0.29-a0-11-ga75d3d97ab (webtiles) character file.

Game seed: 336252628536444115

70 robertstho the Digger (level 4, -1/25 HPs)
             Began as a Gargoyle Earth Elementalist on Jan 28, 2022.
             Slain by a gnoll (6 damage)
             ... on level 3 of the Dungeon.
             The game lasted 00:04:16 (2240 turns).

robertstho the Digger (Gargoyle Earth Elementalist) Turns: 2240, Time: 00:04:16

Health: -1/25      AC: 17    Str: 13    XL:     4   Next: 22%
Magic:  7/7        EV: -1    Int: 16    God:
Gold:   125        SH:  0    Dex: 16    Spells: 6/7 levels left

rFire   + . .      SeeInvis .   k - +0 flail
rCold   + . .      Faith    .   (no shield)
rNeg    + . .      Spirit   .   e - +0 gold dragon scales
rPois   ∞          Reflect  .   d - +0 helmet
rElec   +          Harm     .   (no cloak)
rCorr   .          Rampage  .   (no gloves)
Will    .....                   (no boots)
Stlth   ..........              (no amulet)
HPRegen 0.08/turn               f - +6 ring of dexterity
MPRegen 0.10/turn               (no ring)

@: no status effects
A: sickness immunity, AC +3, negative energy resistance 1, electricity
resistance, torment resistance 1, petrification resistance
a: no special abilities


You were on level 3 of the Dungeon.
You visited 1 branch of the dungeon, and saw 3 of its levels.

You collected 125 gold pieces.

Inventory:

Hand Weapons
 k - a +0 flail (weapon)
Missiles
 c - 43 stones
Armour
 b - a +0 pair of boots
 d - a +0 helmet (worn)
 e - +0 gold dragon scales (worn)
Jewellery
 f - a +6 ring of dexterity (left hand)
Wands
 i - a wand of flame (14)
Scrolls
 g - 2 scrolls of identify
 j - 2 scrolls of immolation {unknown}


   Skills:
 * Level 1.1 Fighting
 + Level 0.1 Maces & Flails
 + Level 0.9 Polearms
 * Level 2.0 Armour
 + Level 1.8 Dodging
 + Level 2.2 Stealth
 - Level 2.2 Spellcasting
 + Level 0.9 Transmutations
 - Level 4.2 Earth Magic


You had 6 spell levels left.
You knew the following spells:

 Your Spells              Type           Power      Damage    Failure   Level
a - Sandblast             Erth           30%        2d9       100%        1

Your spell library contained the following spells:

 Spells                   Type           Power      Damage    Failure   Level
 Passwall                 Tmut/Erth      8%         N/A       100%        2
 Stone Arrow              Conj/Erth      16%        3d8       100%        3
 Petrify                  Tmut/Erth      10%        N/A       100%        4


Dungeon Overview and Level Annotations

Branches:
Dungeon (3/15)

Altars:

Shops:
D:1 (

Annotations:
D:1 198 morning star


Innate Abilities, Weirdness & Mutations

You are immune to sickness and miasma.
Your stone body is resilient. (AC +3)
You are immune to poison.
You resist negative energy. (rN+)
You are resistant to electric shocks. (rElec)
You are resistant to unholy torment.
You are immune to petrification.


Message History

You hear a shout!
You see here a frilled lizard corpse.
You barely miss the gnoll. The gnoll hits you but does no damage.
You closely miss the gnoll. The gnoll hits you but does no damage.
You hit the gnoll but do no damage. The gnoll completely misses you.
The gnoll hits you but does no damage.
You sock the gnoll!
The gnoll is severely wounded.
The gnoll hits you but does no damage. The gnoll hits you with a +0 flail.
You hit the gnoll.
The gnoll is severely wounded.
The gnoll hits you with a +0 halberd! The gnoll hits you with a +0 flail.
The gnoll hits you with a +0 halberd.
You hit the gnoll.
You kill the gnoll!
The gnoll hits you but does no damage. x2
The kobold shouts!
The kobold throws a poisoned dart.
The poisoned dart hits you!
Things that are here:
a +0 club; a +0 hunting sling; 17 stones
Found 19 gold pieces.
A goblin comes into view. It is wielding a +0 club.
The goblin shouts!
You see here 19 gold pieces.
You now have 125 gold pieces (gained 19).
The goblin hits you but does no damage.
You closely miss the goblin. The goblin hits you but does no damage.
You hit the goblin.
The goblin is moderately wounded.
The goblin completely misses you. The gnoll hits you with a +0 flail!
* * * LOW HITPOINT WARNING * * *
The goblin hits you but does no damage.
You hit the goblin.
The goblin is severely wounded.
The gnoll hits you but does no damage. The goblin hits you but does no damage.
The gnoll hits you but does no damage.
You closely miss the goblin.
The goblin is severely wounded.
The goblin hits you but does no damage. The gnoll hits you with a +0 flail.
You die...

###### ..# #.....
§.# #.#..# §.#
#..[ §§###
#.#.#).# ##≈§..
.........
########≈≈#
##.#.##..
......g@.# #...##
########g## #.#.
#..# # #. ##.# ..
#####w## #.
#......#
##########g####.##
........w........#
#.#.##.###.####.#


You could see a worm, a gnoll and a goblin.

Vanquished Creatures
  2 gnolls (D:3)
  2 worms
  A dart slug (D:1)
  An orc (D:3)
  5 endoplasms
  3 giant cockroaches
  2 goblins
  4 hobgoblins
  2 kobolds
  A quokka (D:2)
  4 ball pythons
  5 bats
  3 frilled lizards
  5 rats
40 creatures vanquished.

Notes
Turn   | Place    | Note
-------+----------+-------------------------------------------
     0 | D:1      | robertstho the Gargoyle Earth Elementalist began the quest
                  | for the Orb.
     0 | D:1      | Reached XP level 1. HP: 10/10 MP: 3/3
   228 | D:1      | Reached XP level 2. HP: 15/15 MP: 1/5
   335 | D:1      | Reached skill level 4 in Earth Magic
   358 | D:1      | Found Viacreary's Antique Weapon Boutique.
   553 | D:1      | Found a faded altar of an unknown god.
   914 | D:2      | Reached XP level 3. HP: 20/20 MP: 6/6
  1595 | D:3      | Reached skill level 1 in Fighting
  1604 | D:3      | Reached skill level 1 in Armour
  1878 | D:3      | Reached XP level 4. HP: 23/25 MP: 7/7
  2240 | D:3      | Slain by a gnoll

Illustrated notes

Levels and vault maps discovered:
D:1:      wander_arrival_fairy_ring, layout_loops_cross, serial_shops,
          nicolae_shop_temple_entry_statues_fountains,
          ebering_ecumenical_altar_webs, feat_on_display
D:2:      layout_rooms
D:3:      layout_basic, mainiacjoe_overflow_boulevard,
          nicolae_uskayaw_dance_hall, lightli_temple_of_fire,
          minmay_diced_spiral, uniq_crazy_yiuf_cottage

Skill      XL: |  1  2  3  4 |
---------------+-------------+-----
Earth Magic    | 4 |  4.2
Fighting       | 1 |  1.1
Armour         | 1 2 |  2.0
Maces & Flails | |  0.1
Polearms       | |  0.9
Dodging        | |  1.8
Stealth        | |  2.2
Spellcasting   | |  2.2
Transmutations | |  0.9

Action                   |  1- 3 |  4- 6 || total
-------------------------+-------+-------++-------
Melee: Spear             |   106 |       ||   106
       Punch             |     2 |     1 ||     3
       Flail             |    29 |    37 ||    66
 Cast: Sandblast         |    10 |       ||    10
  Use: Scroll            |       |     2 ||     2
       Potion            |       |     1 ||     1
 Stab: Sleeping          |     1 |       ||     1
Armor: Robe              |     3 |       ||     3
       Gold dragon scale |   102 |    59 ||   161
Dodge: Dodged            |    16 |     4 ||    20

Table legend: (Time is in decaauts)
 A = Elapsed time spent in this place.
 B = Non-inter-level travel time spent in this place.
 C = Inter-level travel time spent in this place.
 D = Time resting spent in this place.
 E = Time spent auto-exploring this place.
 F = Levels seen in this place.
 G = Mean time per level.
                   A        B        C        D        E       F      G
               +--------+--------+--------+--------+--------+-----+--------+
         Total |   2274 |   2155 |    119 |    528 |   1227 |   3 |  758.0 |
       Dungeon |   2274 |   2155 |    119 |    528 |   1227 |   3 |  758.0 |
               +--------+--------+--------+--------+--------+-----+--------+

Top non-repeatable levels by time:
     D:1: 894 daAuts
     D:2: 849 daAuts
     D:3: 530 daAuts
